Map: Seeds of Aiur

Players

NXT

  • Race: Terran Terran
  • League: Platinum
  • Spawn Location: 1:00

Eska

  • Race: Protoss Protoss
  • Spawn Location: 1:00

ILIEKEGGPIE - Winner!

  • Race: Protoss Protoss
  • League: Platinum
  • Spawn Location: 7:00

Samalekoum - Winner!

  • Race: Zerg Zerg
  • Spawn Location: 7:00

VOD

Have the link to the VOD?

Description

Time

  • Played on: April 11, 2018, 11:44 a.m.
  • Length: 15:09
Show
View Real Time Build Order
Export as new Build Order

NXT Terran 

Build Orders: MMM Bio 

Get SALT Encoding   

  12  0:00  SCV  
  13  0:13  SCV  
  14  0:20  Supply Depot  
  14  0:25  SCV  
  15  0:41  SCV  
  16  0:42  Barracks  
  16  0:46  Refinery  
  16  0:53  SCV  
  17  1:06  SCV  
  18  1:18  SCV  
  19  1:30  SCV  
  19  1:32  Reaper  
  21  1:45  Command Center  
  21  1:51  Orbital Command  
  21  2:09  Barracks Reactor  
  21  2:12  Bunker  
  21  2:30  Barracks  
  21  2:38  Factory  
  21  2:40  Refinery  
  21  2:42  Supply Depot  
  21  2:45  Marine  
  21  2:47  Marine  
  22  3:03  Engineering Bay, Marine  
  23  3:10  Marine  
  24  3:17  SCV x2  
  26  3:21  Marine, Barracks Tech Lab  
  26  3:25  Factory Reactor  
  27  3:36  Starport  
  27  3:37  Marine  
  27  3:39  Marine  
  29  3:45  Orbital Command  
  29  3:48  SCV  
  30  4:00  SCV  
  30  4:10  Stimpack  
  30  4:12  Marine x2, SCV  
  30  4:13  Marauder  
  35  4:20  SCV  
  36  4:24  SCV  
  36  4:26  Factory Tech Lab  
  36  4:28  Medivac  
  39  4:31  Medivac  
  39  4:32  SCV  
  39  4:33  Marine  
  39  4:36  Marine  
  44  4:41  Marauder  
  46  4:54  Missile Turret  
  46  4:57  Missile Turret  
  46  5:06  Supply Depot  
  46  5:08  Supply Depot  
  46  5:12  Supply Depot  
  46  5:28  Marine x3, SCV x2  
  51  5:30  Barracks  
  51  5:39  Medivac  
  51  5:40  SCV x2  
  55  5:44  Siege Tank  
  55  5:45  Marine x2  
  60  6:20  Siege Tank  
  60  6:21  Marine x3  
  60  6:22  Command Center  
  60  6:24  Barracks Reactor  
  66  6:28  Liberator  
  66  6:39  Marine x2  
  56  6:40  Marine  
  60  6:48  SCV x2  
  62  6:54  Supply Depot  
  62  6:57  Marine x2  
  62  6:58  Marine, Supply Depot  
  62  7:00  SCV x2  
  67  7:12  SCV x2  
  67  7:13  Marine  
  70  7:16  Marine x4  
  70  7:20  Supply Depot, Siege Tank  
  77  7:24  Combat Shields  
  77  7:31  Marine  
  77  7:33  Refinery, Marine x4  
  77  7:34  Refinery  
  77  7:35  Sensor Tower  
  82  7:43  Supply Depot  
  82  7:48  SCV x2  
  82  7:49  Marine  
  85  7:51  Orbital Command, Marine x3  
  85  7:52  Marauder  
  90  8:00  SCV x2  
  92  8:06  Marine  
  92  8:09  Marine x2  
  92  8:12  SCV x2  
  97  8:13  Marauder  
  97  8:15  Engineering Bay  
  97  8:16  Terran Infantry Weapons Level 1  
  99  8:24  SCV x2  
  101  8:29  Marine  
  101  8:30  Marine x3  
  105  8:34  Marine  
  105  8:36  SCV  
  107  8:47  Marine  
  107  8:48  Marine x2, SCV  
  110  8:52  Viking x2  
  110  8:54  Marine x2  
  117  9:22  Supply Depot  
  117  9:24  Supply Depot  
  117  9:26  Supply Depot  
  117  9:39  Marine, Viking  
  117  9:44  Marine x4, SCV, Viking  
  124  9:48  Terran Infantry Armor Level 1  
  124  9:55  Armory  
  124  9:56  SCV  
  124  9:57  Marine  
  126  10:01  Marine x2  
  128  10:08  SCV  
  128  10:09  Medivac  
  128  10:14  Medivac  
  133  10:22  Marine x2  
  133  10:23  Marauder, Marine x2  
  138  10:40  Marine x2  
  102  10:57  Marine x3  
  102  10:58  Marine x2  
  107  11:10  Barracks  
  108  11:11  SCV x2  
  108  11:12  SCV  
  108  11:13  Siege Tank  
  108  11:15  Medivac x2, Marine x2  
  108  11:16  Marauder, Marine x2  
  123  11:23  SCV  
  123  11:24  SCV x2  
  126  11:33  Marine x3  
  126  11:35  SCV  
  130  11:45  Siege Tank, Factory, Viking x2  
  137  11:50  Barracks  
  137  11:59  Marine x3  
  137  12:00  Marine  
  141  12:21  Supply Depot  
  141  12:23  Supply Depot  
  141  12:36  Barracks Tech Lab  
  141  12:37  Factory Tech Lab  
  141  12:42  Medivac x2, Marine x3, SCV  
  149  12:44  Marine, Supply Depot, Terran Vehicle Weapons Level 1, Terran Infantry Armor Level 2  
  149  12:45  Marauder, Siege Tank  
  149  12:46  Supply Depot, Terran Infantry Weapons Level 2  
  149  12:47  Supply Depot  
  155  12:54  SCV  
  155  13:06  Marauder  
  155  13:07  Supply Depot  
  155  13:10  Supply Depot x2  
  157  13:17  Siege Tank  
  160  13:28  Marauder  
  160  13:30  Supply Depot  
  154  13:49  Marauder, Siege Tank  
  154  13:50  Marine x4  
  163  13:56  Siege Tank  
  163  13:57  Viking  
  163  13:58  Viking  
  170  14:08  Marine x4  
  174  14:10  Marauder  
  176  14:21  Marine, Siege Tank  
  176  14:22  Marine  
  181  14:25  Marine  
  181  14:26  Marine x2  
  181  14:27  Medivac  
  181  14:28  Medivac, Siege Tank  
  191  14:32  Marauder  
Show
View Real Time Build Order
Export as new Build Order

Eska Protoss 

Build Orders:  

Get SALT Encoding   

  12  0:12  Pylon  
  12  0:16  Probe (Chrono Boost)  
  13  0:26  Assimilator  
  13  0:28  Probe (Chrono Boost)  
  14  0:39  Pylon  
  14  0:42  Assimilator  
  14  0:45  Probe  
  15  0:57  Probe (Chrono Boost)  
  15  1:03  Gateway  
  16  1:09  Probe (Chrono Boost)  
  18  1:18  Probe (Chrono Boost)  
  18  1:26  Probe, Forge  
  19  1:39  Probe  
  20  1:56  Probe  
  20  2:00  Cybernetics Core  
  21  2:05  Photon Cannon  
  21  2:08  Probe  
  22  2:15  Photon Cannon  
  22  2:39  Warp Gate  
  22  2:41  Stalker  
  24  3:05  Shield Battery  
  24  3:09  Robotics Facility  
  24  3:12  Adept  
  26  3:15  Twilight Council  
  26  3:20  Protoss Ground Weapons Level 1  
  26  3:27  Probe (Chrono Boost)  
  27  3:39  Adept  
  29  3:45  Gateway  
  29  3:53  Pylon  
  29  4:06  Adept  
  29  4:08  Stargate  
  31  4:19  Pylon  
  31  4:33  Adept  
  33  4:47  Stargate  
  33  4:51  Gateway  
  33  4:57  Photon Cannon  
  33  5:00  Adept  
  35  5:18  Oracle (Chrono Boost)  
  38  5:21  Warp Prism  
  38  5:25  Probe  
  41  6:02  Stalker  
  43  6:23  Gateway, Pylon  
  43  6:27  Probe  
  43  6:29  Pylon  
  44  6:39  Probe  
  45  6:40  Zealot  
  47  6:50  Blink  
  47  6:52  Protoss Ground Weapons Level 2  
  47  6:56  Stalker  
  49  7:21  Pylon  
  49  7:35  Stalker  
  51  7:46  Stalker  
  53  8:00  Gateway  
  53  8:17  Nexus  
  53  8:23  Gateway  
  53  8:35  Pylon  
  53  8:40  Stalker x2  
  57  8:58  Stalker  
  57  8:59  Stalker  
  61  9:09  Protoss Ground Armor Level 1  
  61  9:16  Gateway  
  61  9:25  Zealot  
  64  9:38  Probe (Chrono Boost)  
  64  9:47  Probe (Chrono Boost)  
  64  9:52  Phoenix, Probe  
  68  10:03  Adept  
  62  10:29  Stalker x2  
  62  10:30  Stalker x2  
  70  10:41  Probe  
  71  10:48  Assimilator  
  71  10:53  Probe  
  72  11:05  Probe  
  73  11:17  Probe  
  74  11:19  Phoenix  
  76  11:40  Probe (Chrono Boost)  
  76  11:44  Phoenix  
  76  11:46  Assimilator  
  79  11:50  Probe (Chrono Boost)  
  80  11:55  Probe (Chrono Boost)  
  81  12:06  Probe  
  82  12:09  Phoenix  
  84  12:19  Probe  
  85  12:34  Phoenix  
  87  12:49  Templar Archives  
  86  12:59  Phoenix  
  78  13:11  Photon Cannon  
  67  14:30  High Templar x3  
  71  14:31  High Templar  
Show
View Real Time Build Order
Export as new Build Order

ILIEKEGGPIE Protoss - Winner!

Build Orders: 1 Gate Expand, Colossus Rush 

Get SALT Encoding   

  12  0:01  Probe  
  13  0:13  Probe  
  14  0:18  Pylon  
  14  0:26  Probe (Chrono Boost)  
  15  0:38  Probe (Chrono Boost)  
  15  0:39  Gateway  
  16  0:45  Probe (Chrono Boost)  
  16  0:48  Assimilator  
  17  0:53  Probe  
  18  1:05  Probe  
  19  1:23  Nexus  
  19  1:34  Cybernetics Core  
  19  1:37  Probe  
  20  1:47  Pylon  
  20  1:49  Assimilator  
  20  1:53  Probe  
  21  2:06  Probe  
  22  2:11  Warp Gate  
  22  2:12  Adept (Chrono Boost)  
  24  2:31  Probe (Chrono Boost)  
  24  2:33  Robotics Facility  
  25  2:42  Probe (Chrono Boost)  
  26  2:46  Probe (Chrono Boost)  
  27  2:52  Probe  
  27  2:58  Probe  
  29  3:02  Adept  
  29  3:04  Probe (Chrono Boost)  
  32  3:08  Gateway  
  32  3:09  Gateway  
  33  3:15  Probe (Chrono Boost)  
  33  3:16  Probe (Chrono Boost)  
  34  3:25  Probe (Chrono Boost)  
  35  3:30  Probe (Chrono Boost)  
  37  3:35  Probe (Chrono Boost)  
  37  3:38  Assimilator  
  38  3:42  Observer (Chrono Boost), Probe (Chrono Boost)  
  38  3:47  Probe (Chrono Boost)  
  38  3:48  Probe (Chrono Boost)  
  40  3:54  Pylon  
  41  3:56  Probe x2  
  41  4:00  Observer  
  44  4:13  Probe x2, Robotics Bay  
  46  4:19  Assimilator  
  46  4:23  Gateway  
  46  4:24  Gateway  
  46  4:25  Gateway, Probe  
  46  4:27  Gateway  
  47  4:33  Observer  
  48  4:44  Probe x2  
  50  4:56  Probe  
  50  4:57  Probe  
  52  5:13  Pylon  
  52  5:15  Pylon  
  52  5:18  Pylon  
  52  5:19  Extended Thermal Lance (Chrono Boost)  
  52  5:30  Colossus (Chrono Boost)  
  58  5:40  Stalker  
  58  5:41  Stalker x5  
  68  5:59  Stalker  
  70  6:18  Colossus (Chrono Boost)  
  76  6:28  Pylon  
  76  6:31  Pylon  
  76  6:42  Nexus  
  76  6:47  Pylon  
  76  6:48  Pylon  
  76  7:00  Pylon  
  76  7:02  Sentry x3  
  76  7:03  Zealot  
  76  7:04  Zealot x3  
  90  7:16  Colossus  
  96  7:23  Forge  
  96  7:25  Forge  
  96  7:40  Probe x2  
  96  7:42  Assimilator  
  98  7:45  Protoss Ground Armor Level 1 (Chrono Boost), Protoss Ground Weapons Level 1 (Chrono Boost)  
  98  7:46  Assimilator  
  98  7:48  Sentry x2, Pylon  
  98  7:49  Stalker x3  
  98  7:50  Stalker, Zealot, Pylon  
  112  7:52  Probe  
  113  8:01  Twilight Council  
  113  8:10  Photon Cannon  
  113  8:14  Photon Cannon  
  113  8:15  Probe (Chrono Boost)  
  113  8:19  Probe x2 (Chrono Boost)  
  118  8:27  Stalker x5  
  118  8:28  Probe (Chrono Boost)  
  118  8:29  Probe (Chrono Boost)  
  124  8:40  Blink (Chrono Boost)  
  123  8:58  Photon Cannon  
  122  9:12  Sentry x2  
  122  9:13  Zealot x2, Sentry  
  132  9:18  Pylon  
  132  9:19  Pylon  
  132  9:22  Pylon  
  132  9:23  Pylon  
  130  9:29  Stalker x2  
  130  9:31  Protoss Ground Armor Level 2 (Chrono Boost), Protoss Ground Weapons Level 2 (Chrono Boost)  
  131  9:58  Stargate  
  131  10:00  Stargate  
  129  10:56  Void Ray x2 (Chrono Boost)  
  135  11:13  Stalker x2  
  135  11:14  Stalker x4  
  135  11:15  Zealot  
  149  11:29  Void Ray (Chrono Boost)  
  149  11:32  Warp Prism  
  159  11:43  Void Ray (Chrono Boost)  
  159  11:53  Probe (Chrono Boost)  
  160  12:04  Void Ray, Probe (Chrono Boost)  
  165  12:08  Probe (Chrono Boost)  
  165  12:11  Zealot x3  
  165  12:12  Zealot  
  174  12:18  Void Ray  
  174  12:19  Probe  
  179  12:27  Gravitic Drive (Chrono Boost)  
  179  12:31  Probe  
  180  12:38  Pylon  
  180  12:41  Pylon  
  180  13:01  Adept x3  
  186  13:22  Zealot  
  179  13:56  Zealot x3  
Show
View Real Time Build Order
Export as new Build Order

Samalekoum Zerg - Winner!

Build Orders: Pool First 

Get SALT Encoding   

  12  0:02  Drone  
  13  0:13  Overlord  
  13  0:18  Drone  
  14  0:23  Extractor  
  14  0:25  Drone  
  14  0:31  Drone  
  15  0:37  Drone  
  16  0:50  Drone  
  17  0:58  Spawning Pool  
  17  0:59  Drone  
  17  1:07  Extractor  
  17  1:09  Drone  
  18  1:18  Drone  
  18  1:29  Drone  
  19  1:41  Drone  
  20  2:00  Queen  
  22  2:06  Spine Crawler  
  21  2:11  Spine Crawler, Metabolic Boost  
  20  2:17  Evolution Chamber  
  20  2:19  Drone x2  
  20  2:20  Zergling x2  
  22  2:36  Overlord  
  22  2:47  Zerg Ground Armor Level 1  
  22  2:56  Lair  
  22  3:01  Zergling x2  
  22  3:02  Zergling x2  
  24  3:07  Drone  
  25  3:19  Zergling x6  
  28  3:51  Hatchery  
  24  4:31  Evolution Chamber  
  24  4:35  Drone x2  
  24  4:36  Overlord  
  24  4:37  Hydralisk Den  
  24  4:41  Zerg Melee Weapons Level 1  
  24  4:58  Spire  
  23  5:21  Drone  
  23  5:22  Drone  
  25  5:33  Drone, Queen  
  28  5:40  Spore Crawler  
  27  6:03  Zerg Ground Armor Level 2  
  27  6:14  Hydralisk x3  
  27  6:16  Zergling x6  
  36  6:35  Zerg Missile Weapons Level 1  
  36  6:44  Drone  
  36  6:45  Drone x2  
  39  6:55  Burrow  
  39  6:59  Zerg Flyer Armor Level 1  
  39  7:08  Infestation Pit, Corruptor  
  39  7:09  Mutalisk  
  42  7:23  Drone  
  42  7:25  Overlord x2  
  43  7:52  Muscular Augments  
  43  7:58  Hatchery  
  42  8:09  Drone x2  
  44  8:14  Drone x2  
  44  8:19  Zerg Melee Weapons Level 2, Drone x2  
  48  8:33  Spine Crawler  
  47  8:39  Corruptor  
  49  8:51  Drone x3  
  49  8:52  Zergling x6  
  55  8:57  Extractor  
  55  8:59  Extractor  
  53  9:06  Zerg Flyer Weapons Level 1  
  53  9:08  Zerg Missile Weapons Level 2  
  53  9:23  Spire  
  52  9:56  Hydralisk x5  
  49  10:41  Drone x3  
  52  10:53  Grooved Spines  
  52  10:55  Zerg Flyer Armor Level 2  
  52  11:09  Drone  
  52  11:10  Drone  
  54  11:17  Mutalisk  
  56  11:24  Zergling x4  
  58  11:49  Overlord x2  
  58  11:50  Zergling x6  
  58  11:51  Zergling x2  
  62  11:56  Zergling x4  
  62  11:57  Zergling x2  
  65  12:09  Overlord  
  65  12:11  Zergling x4  
  67  12:16  Hive  
  67  12:19  Zerg Flyer Weapons Level 2  
  67  12:23  Corruptor  
  67  12:24  Corruptor  
  67  12:27  Mutalisk  
  67  12:29  Hydralisk x2  
  75  12:31  Zergling x4  
  72  13:16  Hydralisk x3  
  78  13:20  Corruptor x2  
  78  13:21  Mutalisk, Corruptor  
  86  13:28  Corruptor  
  86  13:30  Zergling x2  
  86  13:31  Zergling x2  
  90  14:05  Overlord x3  
  90  14:33  Zergling x6  
  90  14:37  Extractor, Corruptor x3  
Tags
 
Add a new tag
Caveats
  • Supply blocks, unpowered buildings, or Contaminate may cause inaccurate times.
  • Supply counts are checked every 10 seconds.